 Dungeon Crawl Stone Soup version 0.27.1-1-g398f81649c (webtiles) character file.

Game seed: 1938475625164380358

28 Descartes the Grasshopper (level 3, -3/18 HPs)
             Began as a Spriggan Warper on Sept 22, 2021.
             Slain by a worm (10 damage)
             ... on level 2 of the Dungeon.
             The game lasted 00:02:32 (2054 turns).

Descartes the Grasshopper (Spriggan Warper)         Turns: 2054, Time: 00:02:33

Health: -3/18      AC:  4    Str:  8    XL:     3   Next: 0%
Magic:  8/8        EV: 17    Int: 14    God:
Gold:   61         SH:  0    Dex: 14    Spells: 7/7 levels left

rFire    . . .     SeeInvis +   a - +0 short sword
rCold    . . .     Faith    .   (shield restricted)
rNeg     + . .     Spirit   .   l - +2 robe {rN+}
rPois    .         Reflect  .   (helmet restricted)
rElec    .         Harm     .   (no cloak)
rCorr    .         Rampage  .   (gloves unavailable)
Will     .....                  (boots unavailable)
Stlth    ++........             (no amulet)
HPRegen  0.06/turn              (no ring)
MPRegen  0.11/turn              (no ring)

@: very quick
A: very small, no large weapons, unfitting armour, see invisible, speed 3
a: no special abilities


You were on level 2 of the Dungeon.
You visited 1 branch of the dungeon, and saw 2 of its levels.

You collected 61 gold pieces.

Inventory:

Hand Weapons
 a - a +0 short sword (weapon)
Missiles
 b - 7 silver boomerangs
 d - 5 boomerangs of dispersal (quivered)
 f - 36 stones
 h - 6 boomerangs
 j - 4 bolts
 o - 30 sling bullets
Armour
 l - a +2 robe of positive energy (worn)
Magical Staves
 m - a staff of air
Scrolls
 c - a scroll of blinking
 g - a scroll of identify {unknown}
 i - a scroll of amnesia {unknown}
 k - a scroll of vulnerability {unknown}
Potions
 e - a potion of heal wounds {unknown}
 n - a potion of mutation {unknown}


   Skills:
 - Level 1.5 Fighting
 + Level 2.5 Short Blades
 - Level 1.0 Throwing
 + Level 3.4 Dodging
 * Level 2.6 Stealth
 + Level 2.9 Spellcasting
 + Level 4.6 Translocations
 + Level 0.8 Evocations


You had 7 spell levels left.
You didn't know any spells.
Your spell library contained the following spells:

 Spells                   Type           Power      Damage    Failure   Level
 Blink                    Tloc           N/A        N/A       4%          2
 Gell's Gravitas          Tloc           7%         N/A       10%         3
 Lesser Beckoning         Tloc           7%         N/A       10%         3
 Teleport Other           Tloc           15%        N/A       10%         3
 Manifold Assault         Tloc           15%        N/A       65%         5


Dungeon Overview and Level Annotations

Branches:
Dungeon (2/15)

Altars:

Shops:
D:1 [[


Innate Abilities, Weirdness & Mutations

You are very small and have problems with some larger weapons.
You are too small for most types of armour.
You have supernaturally acute eyesight. (SInv)
You cover ground extremely quickly. (Speed+++)


Message History

You closely miss the goblin.
The goblin is heavily wounded.
The goblin barely misses you.
You hit the goblin.
The goblin is severely wounded.
The goblin barely misses you.
You hit the goblin.
You kill the goblin!
You have reached level 3!
Your experience leads to an increase in your attributes!
Increase (S)trength, (I)ntelligence, or (D)exterity?
You feel stronger. The worm closely misses you.
You hit the worm.
The worm is lightly wounded.
You hit the worm.
The worm is moderately wounded.
The worm barely misses you.
You hit the worm.
The worm is heavily wounded.
The worm bites you!
You are too injured to fight recklessly!
You are too injured to fight recklessly!
You are too injured to fight recklessly!
You are too injured to fight recklessly!
You are too injured to fight recklessly!
You are too injured to fight recklessly!
You are too injured to fight recklessly!
You are too injured to fight recklessly!
You are too injured to fight recklessly!
You are too injured to fight recklessly!
You are too injured to fight recklessly!
A worm is nearby!
You hit the worm.
The worm is heavily wounded.
You hit the worm.
The worm is severely wounded.
The worm bites you!
Ouch! That really hurt!
You die...

#.##.# 8.8#.# #.##.#
#.##.# ####
#.##.############...##
8.8#..).......##.....##
#.###########..)......##
#.##8##8# #.#.........
......... +.#.@......#
#.##8##8# ####.w...###
#.# # #........ 8.8
....<..## #.## .......#
#.# ........# 8.8
##.....## #.# #....#.
... ...


You could see a worm.

Vanquished Creatures
  A dart slug (D:1)
  4 ball pythons
  A bat (D:1)
  6 endoplasms (D:1)
  2 giant cockroaches
  A goblin (D:2)
  A hobgoblin (D:1)
  A frilled lizard (D:1)
  4 kobolds (D:1)
  A rat (D:1)
22 creatures vanquished.

Notes
Turn   | Place    | Note
-------+----------+-------------------------------------------
     0 | D:1      | Descartes the Spriggan Warper began the quest for the Orb.
     0 | D:1      | Reached XP level 1. HP: 10/10 MP: 5/5
   461 | D:1      | Found Baraca's Antique Armour Emporium.
   476 | D:1      | Reached skill level 1 in Stealth
   491 | D:1      | Reached XP level 2. HP: 6/14 MP: 6/6
  1293 | D:1      | Found Supyisih's Weapon Boutique.
  1374 | D:1      | Found Teusyets's Armour Shoppe.
  2048 | D:2      | Reached XP level 3. HP: 14/18 MP: 8/8
  2054 | D:2      | Slain by a worm

Illustrated notes

Levels and vault maps discovered:
D:1:      beargit_arrival_greenhouse, layout_loops_cross, serial_shops,
          nicolae_shop_waterfront, shop, nicolae_shop_crystal, chequers_jeans,
          hex_tiny
D:2:      layout_rooms, serial_shops, shop,
          shapermc_ecumenical_altar_flowoftime, dk_noncrumbling_2, st_stairs_11

Skill      XL: |  1  2 |
---------------+-------+-----
Stealth        | 1 2 |  2.6
Fighting       | |  1.5
Short Blades   | |  2.5
Throwing       | |  1.0
Dodging        | |  3.4
Spellcasting   | |  2.9
Translocations | |  4.6
Evocations     | |  0.8

Action                   || total
-------------------------++-------
Melee: Short sword       ||    99
 Stab: Sleeping          ||     2
Armor: Robe              ||     9
Dodge: Dodged            ||    84
